[Event "GambitGuide"]
[Site "Internet Chess Club"]
[Date "2014.10.31"]
[Round "1"]
[White "JSBach"]
[Black "kaisar"]
[Result "1-0"]
[ICCResult "Black resigns"]
[WhiteElo "1578"]
[BlackElo "1311"]
[Opening "Vienna: `Frankenstein-Dracula' variation"]
[ECO "C27"]
[NIC "VG.02"]
[Time "02:51:12"]
[TimeControl "120+12"]

1. e4 e5 2. Nc3 Nf6 3. Bc4 Nxe4 4. Qh5 Nd6 5. Bb3 Nc6 6. Nb5 g6 7. Qf3 f5 8.
Qd5 Qe7 9. Nxc7+ Kd8 10. Nxa8 b6 11. Ba4 Bb7 12. Nxb6 axb6 13. Qb3 b5 14.
Nf3 bxa4 15. Qxa4 e4 16. Nd4 Nxd4 17. Qxd4 Qg7 18. Qe3 Be7 19. O-O Nc4 20.
Qb3 Na5 21. Qb6+ Ke8 22. Qxa5 f4 23. Qc7 Bc6 24. Qb8+ Kf7 25. Qxf4+ Qf6 26.
Qxf6+ Bxf6 27. c4 g5 28. a4 h5 29. a5 g4 30. Rb1 h4 31. b4 Bd4 32. Bb2 Bxb2
33. Rxb2 d5 34. c5 Bb5 35. Rd1 Ke6 36. Re1 Ke5 37. Ra1 Kd4 38. a6 Ra8 39. a7
Bc6 40. b5 Bd7 41. b6 Bc8 42. c6 {Black resigns} 1-0

[Event "GambitGuide"]
[Site "Internet Chess Club"]
[Date "2014.10.31"]
[Round "1"]
[White "JSBach"]
[Black "matty2000"]
[Result "1-0"]
[ICCResult "Black checkmated"]
[WhiteElo "1578"]
[BlackElo "1747"]
[Opening "Vienna: `Frankenstein-Dracula' variation"]
[ECO "C27"]
[NIC "VG.02"]
[Time "02:52:44"]
[TimeControl "120+12"]

1. e4 e5 2. Nc3 Nf6 3. Bc4 Nxe4 4. Qh5 Nd6 5. Bb3 Nc6 6. Nb5 g6 7. Qf3 f5 8.
Qd5 Qe7 9. Nxc7+ Kd8 10. Nxa8 b6 11. Ba4 Bb7 12. Nxb6 axb6 13. Qb3 b5 14.
Nf3 bxa4 15. Qxa4 e4 16. Nd4 Bg7 17. Ne2 Ke8 18. O-O Kf7 19. d4 exd3 20.
Qb3+ Qe6 21. Qxd3 Ne5 22. Qg3 Ne4 23. Qe3 Ng4 24. Qa7 Nd6 25. Re1 Ra8 26.
Qb6 Ra6 27. Qb4 Qe4 28. Qxe4 fxe4 29. c3 Be5 30. h3 Nf6 31. b4 Bc6 32. Bf4
Ke6 33. Bc1 Bd5 34. f4 exf3 35. Nf4+ Kf5 36. g4+ Kg5 37. Ng2+ Bf4 38. Bxf4#
{Black checkmated}
1-0

[Event "GambitGuide"]
[Site "Internet Chess Club"]
[Date "2014.10.31"]
[Round "1"]
[White "JSBach"]
[Black "kaisar"]
[Result "0-1"]
[ICCResult "White checkmated"]
[WhiteElo "1578"]
[BlackElo "1311"]
[Opening "Vienna: `Frankenstein-Dracula' variation"]
[ECO "C27"]
[NIC "VG.02"]
[Time "02:54:30"]
[TimeControl "120+12"]

1. e4 e5 2. Nc3 Nf6 3. Bc4 Nxe4 4. Qh5 Nd6 5. Bb3 Nc6 6. Nb5 g6 7. Qf3 f5 8.
Qd5 Qe7 9. Nxc7+ Kd8 10. Nxa8 b6 11. Ba4 Bb7 12. Nxb6 axb6 13. Qb3 b5 14.
Nf3 bxa4 15. Qxa4 Kc7 16. O-O e4 17. Nd4 Bg7 18. Nxc6 dxc6 19. Re1 Ra8 20.
Qb4 Be5 21. Qc5 Qf6 22. a3 Bd4 23. Qb4 c5 24. Qb3 Bc6 25. Qh3 h5 26. Rb1 Bd5
27. Qg3 f4 28. Qh3 Be6 29. g4 Bxg4 30. Qg2 f3 31. Qf1 Qf5 32. d3 Bh3 33.
Qxh3 Qxh3 34. dxe4 Qg2# {White checkmated} 0-1

[Event "GambitGuide"]
[Site "Internet Chess Club"]
[Date "2014.10.31"]
[Round "1"]
[White "JSBach"]
[Black "tigerlee"]
[Result "1-0"]
[ICCResult "Black checkmated"]
[WhiteElo "1578"]
[BlackElo "1678"]
[Opening "Vienna: `Frankenstein-Dracula' variation"]
[ECO "C27"]
[NIC "VG.02"]
[Time "02:55:49"]
[TimeControl "120+12"]

1. e4 e5 2. Nc3 Nf6 3. Bc4 Nxe4 4. Qh5 Nd6 5. Bb3 Nc6 6. Nb5 g6 7. Qf3 f5 8.
Qd5 Qe7 9. Nxc7+ Kd8 10. Nxa8 b6 11. Ba4 Bb7 12. Nxb6 axb6 13. Qb3 Kc7 14.
Ne2 Ne4 15. Qb5 Bg7 16. c3 Ra8 17. d3 Nd6 18. Qb3 Ba6 19. Qd5 b5 20. Bb3 b4
21. cxb4 Nb7 22. Bd2 Nxb4 23. Rc1+ Kd8 24. Qg8+ Bf8 25. Bxb4 Qxb4+ 26. Nc3
Bxd3 27. Qxh7 Nc5 28. Qf7 Ne4 29. Qd5 Bh6 30. Qxa8+ Ke7 31. Rd1 Nxc3 32.
Rxd3 Ne4+ 33. Ke2 Qb5 34. Rd1 Nc5 35. Qd5 e4 36. Qe5+ Kf8 37. Qf6+ Ke8 38.
Bf7+ Kf8 39. Bxg6+ Kg8 40. Qf7+ Kh8 41. Qh7# {Black checkmated} 1-0

[Event "GambitGuide"]
[Site "Internet Chess Club"]
[Date "2014.10.31"]
[Round "1"]
[White "JSBach"]
[Black "BruceWyman2"]
[Result "1-0"]
[ICCResult "Black resigns"]
[WhiteElo "1578"]
[BlackElo "1275"]
[Opening "Vienna: `Frankenstein-Dracula' variation"]
[ECO "C27"]
[NIC "VG.02"]
[Time "03:00:48"]
[TimeControl "120+12"]

1. e4 e5 2. Nc3 Nf6 3. Bc4 Nxe4 4. Qh5 Nd6 5. Bb3 Nc6 6. Nb5 g6 7. Qf3 f5 8.
Qd5 Qe7 9. Nxc7+ Kd8 10. Nxa8 b6 11. Ba4 Nb4 12. Qb3 Bb7 13. Qxb4
{Black resigns}
1-0

[Event "GambitGuide"]
[Site "Internet Chess Club"]
[Date "2014.10.31"]
[Round "1"]
[White "JSBach"]
[Black "jaquechess"]
[Result "1-0"]
[ICCResult "Black resigns"]
[WhiteElo "1578"]
[BlackElo "1529"]
[Opening "Vienna: `Frankenstein-Dracula' variation"]
[ECO "C27"]
[NIC "VG.02"]
[Time "03:00:23"]
[TimeControl "120+12"]

1. e4 e5 2. Nc3 Nf6 3. Bc4 Nxe4 4. Qh5 Nd6 5. Bb3 Nc6 6. Nb5 g6 7. Qf3 f5 8.
Qd5 Qe7 9. Nxc7+ Kd8 10. Nxa8 b6 11. Ba4 Bb7 12. Nxb6 axb6 13. Qb3 Kc7 14.
Ne2 Bg7 15. a3 Ra8 16. O-O Ra5 17. f4 e4 18. Bxc6 dxc6 19. Re1 Rb5 20. Qa2
Nc4 21. Qxc4 c5 22. Qxb5 {Black resigns} 1-0

[Event "GambitGuide"]
[Site "Internet Chess Club"]
[Date "2014.10.31"]
[Round "1"]
[White "JSBach"]
[Black "notNice"]
[Result "1-0"]
[ICCResult "Black resigns"]
[WhiteElo "1578"]
[BlackElo "1641"]
[Opening "Vienna: `Frankenstein-Dracula' variation"]
[ECO "C27"]
[NIC "VG.02"]
[Time "03:02:44"]
[TimeControl "120+12"]

1. e4 e5 2. Nc3 Nf6 3. Bc4 Nxe4 4. Qh5 Nd6 5. Bb3 Nc6 6. Nb5 g6 7. Qf3 f5 8.
Qd5 Qe7 9. Nxc7+ Kd8 10. Nxa8 b6 11. Ba4 Bb7 12. Nxb6 axb6 13. Qb3 Kc7 14.
Ne2 Ne4 15. d3 Nc5 16. Qa3 Nxa4 17. Qxa4 Bg7 18. Bd2 Ra8 19. Qc4 d5 20. Qb5
e4 21. Qxd5 Be5 22. dxe4 Na5 23. Nf4 Rd8 24. Ne6+ Kb8 25. Qxd8+ {Black
resigns} 1-0

[Event "GambitGuide"]
[Site "Internet Chess Club"]
[Date "2014.10.31"]
[Round "1"]
[White "JSBach"]
[Black "zealand"]
[Result "1-0"]
[ICCResult "Black resigns"]
[WhiteElo "1578"]
[BlackElo "1748"]
[Opening "Vienna: `Frankenstein-Dracula' variation"]
[ECO "C27"]
[NIC "VG.02"]
[Time "03:07:13"]
[TimeControl "120+12"]

1. e4 e5 2. Nc3 Nf6 3. Bc4 Nxe4 4. Qh5 Nd6 5. Bb3 Nc6 6. Nb5 g6 7. Qf3 f5 8.
Qd5 Qe7 9. Nxc7+ Kd8 10. Nxa8 b6 11. Ba4 Bb7 12. Nxb6 axb6 13. Qb3 Kc7 14.
Ne2 Ne4 15. Bb5 Qb4 16. c3 Qxb3 17. axb3 Bc5 18. f3 Nd6 19. Bxc6 Bxc6 20. b4
{Black resigns}
1-0

[Event "GambitGuide"]
[Site "Internet Chess Club"]
[Date "2014.10.31"]
[Round "1"]
[White "JSBach"]
[Black "ZboevNikita"]
[Result "1-0"]
[ICCResult "Black resigns"]
[WhiteElo "1578"]
[BlackElo "2114"]
[Opening "Vienna: `Frankenstein-Dracula' variation"]
[ECO "C27"]
[NIC "VG.02"]
[Time "03:07:35"]
[TimeControl "120+12"]

1. e4 e5 2. Nc3 Nf6 3. Bc4 Nxe4 4. Qh5 Nd6 5. Bb3 Nc6 6. Nb5 g6 7. Qf3 f5 8.
Qd5 Qe7 9. Nxc7+ Kd8 10. Nxa8 b6 11. Ba4 Bb7 12. Nxb6 axb6 13. Qb3 Kc7 14.
Ne2 Bh6 15. d3 Bxc1 16. Rxc1 e4 17. d4 g5 18. a3 f4 19. d5 Na5 20. Qc3+ Kb8
21. Qxh8+ Ka7 22. Qd4 e3 23. Nc3 Nac4 24. fxe3 Nxe3 25. Kf2 Ndf5 26. Nb5+
Ka6 27. Qd2 g4 28. Nc3 Qh4+ 29. Kg1 f3 30. gxf3 gxf3 31. Bb5+ Ka7 32. Rf1
Ng3 33. Qxe3 Nxf1 34. Bxf1 Qg4+ 35. Kf2 Qh4+ 36. Kxf3 Qh5+ 37. Ke4 Qe8+ 38.
Kd4 Qf8 39. Nb5+ Ka8 40. Qe8+ Qxe8 41. Nc7+ Ka7 42. Nxe8 {Black resigns} 1-0

[Event "GambitGuide"]
[Site "Internet Chess Club"]
[Date "2014.10.31"]
[Round "1"]
[White "JSBach"]
[Black "cola"]
[Result "1-0"]
[ICCResult "Black checkmated"]
[WhiteElo "1578"]
[BlackElo "1113"]
[Opening "Vienna: `Frankenstein-Dracula' variation"]
[ECO "C27"]
[NIC "VG.02"]
[Time "03:07:23"]
[TimeControl "120+12"]

1. e4 e5 2. Nc3 Nf6 3. Bc4 Nxe4 4. Qh5 Nd6 5. Bb3 Nc6 6. Nb5 g6 7. Qf3 f5 8.
Qd5 Qe7 9. Nxc7+ Kd8 10. Nxa8 b6 11. Ba4 Qe6 12. Qxe6 dxe6 13. Bxc6 Be7 14.
Nf3 e4 15. Nd4 Bb7 16. Bxb7 Nxb7 17. Nxe6+ Kd7 18. Nxb6+ Kxe6 19. Na4 Rc8
20. Kd1 Nd6 21. Rf1 Nc4 22. Nc3 Nd6 23. f3 e3 24. dxe3 Bf6 25. Ne2 Rb8 26.
c3 Nb5 27. Nd4+ Nxd4 28. exd4 Kd5 29. Rb1 a5 30. Re1 a4 31. Bf4 Rb7 32. b4
axb3 33. axb3 Rb6 34. c4+ Kc6 35. c5 Rb7 36. Re6+ Kd5 37. Rd6#
{Black checkmated}
1-0

[Event "GambitGuide"]
[Site "Internet Chess Club"]
[Date "2014.10.31"]
[Round "1"]
[White "JSBach"]
[Black "ZboevNikita"]
[Result "1-0"]
[ICCResult "Black resigns"]
[WhiteElo "1578"]
[BlackElo "2114"]
[Opening "Vienna: `Frankenstein-Dracula' variation"]
[ECO "C27"]
[NIC "VG.02"]
[Time "03:09:19"]
[TimeControl "120+12"]

1. e4 e5 2. Nc3 Nf6 3. Bc4 Nxe4 4. Qh5 Nd6 5. Bb3 Nc6 6. Nb5 g6 7. Qf3 f5 8.
Qd5 Qe7 9. Nxc7+ Kd8 10. Nxa8 b6 11. Ba4 Bb7 12. Nxb6 axb6 13. Qb3 Kc7 14.
Ne2 Bg7 15. O-O Ra8 16. Re1 f4 17. Nxf4 Qg5 18. Nd5+ Kd8 19. Qxb6+ Ke8 20.
d4 Rxa4 21. Bxg5 {Black resigns} 1-0

[Event "GambitGuide"]
[Site "Internet Chess Club"]
[Date "2014.10.31"]
[Round "1"]
[White "JSBach"]
[Black "zealand"]
[Result "1-0"]
[ICCResult "Black resigns"]
[WhiteElo "1578"]
[BlackElo "1748"]
[Opening "Vienna: `Frankenstein-Dracula' variation"]
[ECO "C27"]
[NIC "VG.02"]
[Time "03:09:03"]
[TimeControl "120+12"]

1. e4 e5 2. Nc3 Nf6 3. Bc4 Nxe4 4. Qh5 Nd6 5. Bb3 Nc6 6. Nb5 g6 7. Qf3 f5 8.
Qd5 Qe7 9. Nxc7+ Kd8 10. Nxa8 b6 11. Ba4 Bb7 12. Nxb6 axb6 13. Qb3 Kc7 14.
Ne2 Ne4 15. d3 Nc5 16. Qa3 Nxa4 17. Qxa4 Qb4+ 18. Nc3 Nd4 19. Qxb4 Bxb4 20.
O-O Bxc3 21. bxc3 Ne2+ 22. Kh1 Nxc3 23. Bb2 {Black resigns} 1-0

[Event "GambitGuide"]
[Site "Internet Chess Club"]
[Date "2014.10.31"]
[Round "1"]
[White "JSBach"]
[Black "PaddinTon"]
[Result "1-0"]
[ICCResult "Black checkmated"]
[WhiteElo "1578"]
[BlackElo "1776"]
[Opening "Vienna: `Frankenstein-Dracula' variation"]
[ECO "C27"]
[NIC "VG.02"]
[Time "03:10:36"]
[TimeControl "120+12"]

1. e4 e5 2. Nc3 Nf6 3. Bc4 Nxe4 4. Qh5 Nd6 5. Bb3 Nc6 6. Nb5 g6 7. Qf3 f5 8.
Qd5 Qe7 9. Nxc7+ Kd8 10. Nxa8 b6 11. Ba4 Nd4 12. f4 exf4+ 13. Kd1 Bb7 14.
Qxd4 Bxa8 15. Nf3 Bxf3+ 16. gxf3 Bg7 17. Qxf4 Be5 18. Qh6 Re8 19. Re1 Qf6
20. Qxh7 Rh8 21. Qxd7# {Black checkmated} 1-0

[Event "GambitGuide"]
[Site "Internet Chess Club"]
[Date "2014.10.31"]
[Round "1"]
[White "JSBach"]
[Black "zealand"]
[Result "1-0"]
[ICCResult "Black resigns"]
[WhiteElo "1578"]
[BlackElo "1748"]
[Opening "Vienna: `Frankenstein-Dracula' variation"]
[ECO "C27"]
[NIC "VG.02"]
[Time "03:10:56"]
[TimeControl "120+12"]

1. e4 e5 2. Nc3 Nf6 3. Bc4 Nxe4 4. Qh5 Nd6 5. Bb3 Nc6 6. Nb5 g6 7. Qf3 f5 8.
Qd5 Qe7 9. Nxc7+ Kd8 10. Nxa8 b6 11. Ba4 Bb7 12. Nxb6 axb6 13. Qb3 Kc7 14.
Ne2 Ne4 15. Qb5 Qc5 16. O-O Qxb5 17. Bxb5 Bc5 18. d3 Nd6 19. Ba4 e4 20. dxe4
Nxe4 21. Bf4+ d6 22. Rae1 Ne5 23. h3 g5 24. Bc1 Ba6 25. Bb3 Bxe2 26. Rxe2
Ng3 27. Ree1 Nxf1 28. Kxf1 h6 29. Be6 f4 30. Bd5 Kd7 31. Bd2 b5 32. Ba5 Nc4
33. Bxc4 bxc4 34. b4 Bd4 35. Re4 Be5 36. Rxc4 Rc8 37. Rxc8 Kxc8 38. b5 Kb7
39. a4 Bd4 40. Bb4 Bc5 41. Bxc5 dxc5 42. a5 {Black resigns} 1-0

[Event "GambitGuide"]
[Site "Internet Chess Club"]
[Date "2014.10.31"]
[Round "1"]
[White "JSBach"]
[Black "notNice"]
[Result "1-0"]
[ICCResult "Black resigns"]
[WhiteElo "1578"]
[BlackElo "1641"]
[Opening "Vienna: `Frankenstein-Dracula' variation"]
[ECO "C27"]
[NIC "VG.02"]
[Time "03:16:56"]
[TimeControl "120+12"]

1. e4 e5 2. Nc3 Nf6 3. Bc4 Nxe4 4. Qh5 Nd6 5. Bb3 Nc6 6. Nb5 g6 7. Qf3 f5 8.
Qd5 Qe7 9. Nxc7+ Kd8 10. Nxa8 b6 11. Ba4 Nd4 12. f4 Bb7 13. Qxe5 Qxe5+ 14.
fxe5 Nc4 15. d3 Nxe5 16. Bg5+ Kc8 17. Bf6 {Black resigns} 1-0

[Event "GambitGuide"]
[Site "Internet Chess Club"]
[Date "2014.10.31"]
[Round "1"]
[White "JSBach"]
[Black "notNice"]
[Result "0-1"]
[ICCResult "White checkmated"]
[WhiteElo "1578"]
[BlackElo "1641"]
[Opening "Vienna: `Frankenstein-Dracula' variation"]
[ECO "C27"]
[NIC "VG.02"]
[Time "03:17:59"]
[TimeControl "120+12"]

1. e4 e5 2. Nc3 Nf6 3. Bc4 Nxe4 4. Qh5 Nd6 5. Bb3 Nc6 6. Nb5 g6 7. Qf3 f5 8.
Qd5 Qe7 9. Nxc7+ Kd8 10. Nxa8 b6 11. Ba4 Nd4 12. f4 exf4+ 13. Kd1 Bg7 14. g4
Bb7 15. Nxb6 Bxd5 16. Nxd5 Qe4 17. Nxf4 Qxh1 18. Nh3 fxg4 19. d3 gxh3 20.
Be3 N6f5 21. Bf2 Nf3 22. Bxa7 Nxg1 23. Bb6+ Kc8 24. c4 Nf3+ 25. Kc2 Qxa1 26.
d4 Bxd4 27. Bxd4 N3xd4+ 28. Kd2 Qxb2+ 29. Kd3 Qb1+ 30. Kc3 Qxa2 31. c5 Qxa4
32. c6 Nb5+ 33. Kb2 Qa3+ 34. Kb1 dxc6 35. Kc2 Re8 36. Kd1 Qa2 37. Kc1 Re1#
{White checkmated}
0-1

[Event "GambitGuide"]
[Site "Internet Chess Club"]
[Date "2014.10.31"]
[Round "1"]
[White "JSBach"]
[Black "notNice"]
[Result "0-1"]
[ICCResult "White checkmated"]
[WhiteElo "1578"]
[BlackElo "1641"]
[Opening "Vienna: `Frankenstein-Dracula' variation"]
[ECO "C27"]
[NIC "VG.02"]
[Time "03:20:40"]
[TimeControl "120+12"]

1. e4 e5 2. Nc3 Nf6 3. Bc4 Nxe4 4. Qh5 Nd6 5. Bb3 Nc6 6. Nb5 g6 7. Qf3 f5 8.
Qd5 Qe7 9. Nxc7+ Kd8 10. Nxa8 b6 11. Ba4 Nd4 12. f4 exf4+ 13. Kd1 Bg7 14. g4
Bb7 15. Nxb6 axb6 16. Qxb7 Nxb7 17. gxf5 Qe4 18. Bxd7 Kxd7 19. c3 Qxh1 20.
cxd4 Qxg1+ 21. Ke2 Bxd4 22. h4 Nc5 23. d3 Qf2+ 24. Kd1 f3 25. Bd2 Qe2+ 26.
Kc2 Qxd3+ 27. Kc1 f2 28. fxg6 f1=Q+ 29. Be1 Qxe1# {White checkmated} 0-1

[Event "GambitGuide"]
[Site "Internet Chess Club"]
[Date "2014.10.31"]
[Round "1"]
[White "JSBach"]
[Black "zealand"]
[Result "1-0"]
[ICCResult "Black resigns"]
[WhiteElo "1578"]
[BlackElo "1748"]
[Opening "Vienna: `Frankenstein-Dracula' variation"]
[ECO "C27"]
[NIC "VG.02"]
[Time "03:17:01"]
[TimeControl "120+12"]

1. e4 e5 2. Nc3 Nf6 3. Bc4 Nxe4 4. Qh5 Nd6 5. Bb3 Nc6 6. Nb5 g6 7. Qf3 f5 8.
Qd5 Qe7 9. Nxc7+ Kd8 10. Nxa8 b6 11. Ba4 Ba6 12. Bxc6 dxc6 13. Qb3 Bc4 14.
Qa4 Qb7 15. d3 Bb5 16. Qh4+ Be7 17. Bg5 Re8 18. Bxe7+ Rxe7 19. a4 Ba6 20.
Qb4 Kd7 21. a5 c5 22. Nxb6+ axb6 23. Qxb6 Qxb6 24. axb6 Bb7 25. Ne2 Kc6 26.
b4 cxb4 27. Rb1 Kc5 28. Rg1 Nb5 29. Nc1 e4 30. Kd2 Nd4 31. h4 f4 32. dxe4
Bxe4 33. Nd3+ Bxd3 34. Kxd3 Nc6 35. c3 Rd7+ 36. Ke4 bxc3 37. Kxf4 Nb4 38.
Kg3 c2 39. Rgc1 Kc6 40. Rxb4 {Black resigns} 1-0

[Event "GambitGuide"]
[Site "Internet Chess Club"]
[Date "2014.10.31"]
[Round "1"]
[White "JSBach"]
[Black "kik"]
[Result "1-0"]
[ICCResult "Black resigns"]
[WhiteElo "1578"]
[BlackElo "1447"]
[Opening "Vienna: `Frankenstein-Dracula' variation"]
[ECO "C27"]
[NIC "VG.02"]
[Time "03:25:17"]
[TimeControl "120+12"]

1. e4 e5 2. Nc3 Nf6 3. Bc4 Nxe4 4. Qh5 Nd6 5. Bb3 Nc6 6. Nb5 g6 7. Qf3 f5 8.
Qd5 Qe7 9. Nxc7+ Kd8 10. Nxa8 b6 11. Ba4 Bb7 12. Nxb6 axb6 13. Qb3 Nc8 14.
Rb1 Bg7 15. Ne2 d5 16. Qxd5+ {Black resigns} 1-0

[Event "GambitGuide"]
[Site "Internet Chess Club"]
[Date "2014.10.31"]
[Round "1"]
[White "JSBach"]
[Black "nzfencepost"]
[Result "1-0"]
[ICCResult "Black resigns"]
[WhiteElo "1578"]
[BlackElo "1420"]
[Opening "Vienna: `Frankenstein-Dracula' variation"]
[ECO "C27"]
[NIC "VG.02"]
[Time "03:24:19"]
[TimeControl "120+12"]

1. e4 e5 2. Nc3 Nf6 3. Bc4 Nxe4 4. Qh5 Nd6 5. Bb3 Nc6 6. Nb5 g6 7. Qf3 f5 8.
Qd5 Qe7 9. Nxc7+ Kd8 10. Nxa8 b6 11. Ba4 b5 12. Bxb5 Nxb5 13. Qxb5 Qc5 14.
Qxc5 Bxc5 15. d3 Bb7 16. d4 Bxd4 17. c3 Bc5 18. b4 Bxb4 19. cxb4 Nxb4 20.
Bg5+ Kc8 21. Rc1+ Bc6 22. Ke2 Kb7 23. Rb1 Bb5+ 24. Kd2 Kxa8 25. Rxb4 Bc6 26.
Bf6 Re8 27. f3 e4 28. Rb3 exf3 29. Nxf3 Bxf3 30. Rxf3 {Black resigns} 1-0

[Event "GambitGuide"]
[Site "Internet Chess Club"]
[Date "2014.10.31"]
[Round "1"]
[White "JSBach"]
[Black "kik"]
[Result "1-0"]
[ICCResult "Black resigns"]
[WhiteElo "1578"]
[BlackElo "1447"]
[Opening "Vienna: `Frankenstein-Dracula' variation"]
[ECO "C27"]
[NIC "VG.02"]
[Time "03:27:33"]
[TimeControl "120+12"]

1. e4 e5 2. Nc3 Nf6 3. Bc4 Nxe4 4. Qh5 Nd6 5. Bb3 Nc6 6. Nb5 g6 7. Qf3 f5 8.
Qd5 Qe7 9. Nxc7+ Kd8 10. Nxa8 b6 11. Ba4 Bb7 12. Nxb6 axb6 13. Qb3 g5 14.
Qxb6+ Kc8 15. Bb3 Bg7 16. Bd5 e4 17. Ne2 f4 18. a4 f3 19. gxf3 exf3 20. Bxf3
g4 21. Bxg4 {Black resigns} 1-0

[Event "GambitGuide"]
[Site "Internet Chess Club"]
[Date "2014.10.31"]
[Round "1"]
[White "JSBach"]
[Black "ram75"]
[Result "1-0"]
[ICCResult "Black resigns"]
[WhiteElo "1578"]
[BlackElo "1208"]
[Opening "Vienna: `Frankenstein-Dracula' variation"]
[ECO "C27"]
[NIC "VG.02"]
[Time "03:28:43"]
[TimeControl "120+12"]

1. e4 e5 2. Nc3 Nf6 3. Bc4 Nxe4 4. Qh5 Nd6 5. Bb3 Nc6 6. Nb5 g6 7. Qf3 f5 8.
Qd5 Qe7 9. Nxc7+ Kd8 10. Nxa8 b6 11. Ba4 Bb7 12. Nxb6 axb6 13. Qb3 Kc7 14.
Ne2 Bg7 15. O-O Re8 16. Re1 e4 17. Nf4 Bh6 18. Nd5+ {Black resigns} 1-0

[Event "GambitGuide"]
[Site "Internet Chess Club"]
[Date "2014.10.31"]
[Round "1"]
[White "JSBach"]
[Black "anupvadhul"]
[Result "1-0"]
[ICCResult "Black checkmated"]
[WhiteElo "1578"]
[BlackElo "1902"]
[Opening "Vienna: `Frankenstein-Dracula' variation"]
[ECO "C27"]
[NIC "VG.02"]
[Time "03:27:32"]
[TimeControl "120+12"]

1. e4 e5 2. Nc3 Nf6 3. Bc4 Nxe4 4. Qh5 Nd6 5. Bb3 Nc6 6. Nb5 g6 7. Qf3 f5 8.
Qd5 Qe7 9. Nxc7+ Kd8 10. Nxa8 b6 11. Ba4 Bb7 12. Nxb6 axb6 13. Qb3 Kc7 14.
Nf3 Nd4 15. Nxd4 exd4+ 16. Kf1 Bg7 17. d3 Re8 18. Be3 dxe3 19. Re1 e2+ 20.
Kg1 Qg5 21. g3 Kb8 22. Qxb6 Qd2 23. Qxd6+ Kc8 24. Bxd7+ Kd8 25. Be6#
{Black checkmated}
1-0

[Event "GambitGuide"]
[Site "Internet Chess Club"]
[Date "2014.10.31"]
[Round "1"]
[White "JSBach"]
[Black "notNice"]
[Result "1-0"]
[ICCResult "Black resigns"]
[WhiteElo "1578"]
[BlackElo "1641"]
[Opening "Vienna: `Frankenstein-Dracula' variation"]
[ECO "C27"]
[NIC "VG.02"]
[Time "03:25:42"]
[TimeControl "120+12"]

1. e4 e5 2. Nc3 Nf6 3. Bc4 Nxe4 4. Qh5 Nd6 5. Bb3 Nc6 6. Nb5 g6 7. Qf3 f5 8.
Qd5 Qe7 9. Nxc7+ Kd8 10. Nxa8 b6 11. Ba4 Nd4 12. f4 exf4+ 13. Kf2 Ne4+ 14.
Kf1 Bg7 15. d3 Nc5 16. c3 Bb7 17. Qc4 Re8 18. Bxf4 Nde6 19. Nxb6 axb6 20.
Ne2 Nxf4 21. Nxf4 g5 22. Bxd7 Nxd7 23. Nd5 Qe2+ 24. Kg1 Bxd5 25. Qxd5 Qxb2
26. Rf1 Bxc3 27. h3 Bd4+ 28. Kh2 Be5+ 29. Kg1 Bd4+ 30. Kh2 Re2 31. Qg8+ Ke7
32. Qxh7+ Ke8 33. Qg6+ Ke7 34. Qxg5+ Nf6 35. Qg7+ Ke6 36. Rxf5 Be5+ 37.
Rxe5+ Rxe5 38. Rf1 Re2 39. Rxf6+ Qxf6 40. Qg4+ Kd6 41. Qxe2 {Black resigns}
1-0

[Event "GambitGuide"]
[Site "Internet Chess Club"]
[Date "2014.10.31"]
[Round "1"]
[White "JSBach"]
[Black "kik"]
[Result "1-0"]
[ICCResult "Black resigns"]
[WhiteElo "1578"]
[BlackElo "1447"]
[Opening "Vienna: `Frankenstein-Dracula' variation"]
[ECO "C27"]
[NIC "VG.02"]
[Time "03:29:09"]
[TimeControl "120+12"]

1. e4 e5 2. Nc3 Nf6 3. Bc4 Nxe4 4. Qh5 Nd6 5. Bb3 Nc6 6. Nb5 g6 7. Qf3 f5 8.
Qd5 Qe7 9. Nxc7+ Kd8 10. Nxa8 b6 11. Ba4 Bb7 12. Nxb6 axb6 13. Qb3 Kc7 14.
Ne2 Ne4 15. Qb5 f4 16. c3 g5 17. Qc4 h5 18. Qxe4 {Black resigns} 1-0

[Event "GambitGuide"]
[Site "Internet Chess Club"]
[Date "2014.10.31"]
[Round "1"]
[White "JSBach"]
[Black "Boden"]
[Result "1/2-1/2"]
[ICCResult "Game drawn by repetition"]
[WhiteElo "1578"]
[BlackElo "1560"]
[Opening "Vienna: `Frankenstein-Dracula' variation"]
[ECO "C27"]
[NIC "VG.02"]
[Time "03:09:03"]
[TimeControl "120+12"]

1. e4 e5 2. Nc3 Nf6 3. Bc4 Nxe4 4. Qh5 Nd6 5. Bb3 Nc6 6. Nb5 g6 7. Qf3 f5 8.
Qd5 Qe7 9. Nxc7+ Kd8 10. Nxa8 b6 11. Ba4 Bb7 12. Nxb6 axb6 13. Qb3 Kc7 14.
Ne2 Bg7 15. Nc3 Na5 16. Nd5+ Bxd5 17. Qxd5 Nc6 18. a3 Re8 19. d3 Nb7 20. Be3
Nc5 21. Bb5 Qe6 22. Bc4 Qxd5 23. Bxd5 Ne7 24. Bf7 Rf8 25. Bc4 d5 26. Bxc5
bxc5 27. Bb5 Rb8 28. a4 Kb6 29. Rf1 g5 30. Rd1 d4 31. f3 f4 32. Rg1 h6 33.
Kd2 Ka5 34. Rgf1 Rb6 35. Rfe1 Nf5 36. Rb1 Ne3 37. Rg1 Bf6 38. Rbc1 Be7 39.
b3 Rg6 40. Rce1 h5 41. Be8 Rh6 42. Rc1 g4 43. Ke2 Rh8 44. Bc6 h4 45. Ke1 g3
46. h3 Rc8 47. Bd7 Rc7 48. Be6 Kb4 49. Kd2 Ra7 50. Rce1 Ra6 51. Bg8 Bd6 52.
Bc4 Ra7 53. Ra1 Bc7 54. Be6 Ba5 55. Rac1 Ka3+ 56. Ke2 Bc3 57. Bg4 Kb2 58.
Rb1+ Ka2 59. Be6 Nxc2 60. Rgf1 Nb4 61. Rg1 Ra6 62. Bc4 Ra7 63. Rbf1 Nc2 64.
Be6 Ka3 65. Rd1 Kb4 66. Rb1 Ne3 67. Bg8 Rb7 68. Be6 Ka5 69. Rbc1 Rb6 70. Bg8
Rb8 71. Bf7 Rb7 72. Be6 Rb6 73. Bg8 Rb8 74. Bf7 Rb7 75. Be6 Rb6 76. Bf7 Rb7
77. Be6 Rb8 78. Bf7 Nf5 79. Bd5 Ne3 80. Bf7 Kb4 81. Be6 Rb6 82. Bg8 Rd6 83.
Bf7 Ka5 84. Be8 Nd5 85. Rb1 Bb4 86. Rbc1 Nc3+ 87. Kf1 Re6 88. Bd7 Re7 89.
Bf5 Nd5 90. Ke2 Ne3 91. Be4 Re8 92. Bc6 Rb8 93. Rb1 Bc3 94. Be4 Kb4 95. Bc6
Rb6 96. Be8 Re6 97. Bf7 Re7 98. Bg6 Ka5 99. Be4 Bb4 100. Ra1 Rc7 101. Rac1
Bc3 102. Rb1 Kb4 103. Bg6 Re7 104. Be4 Ka5 105. Bc6 Nf5 106. Be4 Nd6 107.
Bd5 Nf5 108. Rbc1 Ne3 109. Bc6 Re6 110. Be4 Rb6 111. Rb1 Rb4 112. Bc6 Nf5
113. Be4 Nd6 114. Bd5 Nf5 115. Rbc1 Ne3 116. Bf7 Rb6 117. Bg8 Rb7 118. Rb1
Rb8 119. Be6 Kb4 120. Rbc1 Ka3 121. Rb1 Ka2 122. Rbc1 Kb2 123. Rb1+ Ka3 124.
Bf7 Nc2 125. Bc4 Nb4 126. Rgd1 Nc6 127. Rf1 Ne7 128. Rfd1 Nf5 129. Be6 Ne3
130. Rg1 Kb4 131. Rbc1 {Game drawn by repetition} 1/2-1/2

[Event "GambitGuide"]
[Site "Internet Chess Club"]
[Date "2014.10.31"]
[Round "1"]
[White "JSBach"]
[Black "ram75"]
[Result "1-0"]
[ICCResult "Black resigns"]
[WhiteElo "1578"]
[BlackElo "1208"]
[Opening "Vienna: `Frankenstein-Dracula' variation"]
[ECO "C27"]
[NIC "VG.02"]
[Time "03:29:19"]
[TimeControl "120+12"]

1. e4 e5 2. Nc3 Nf6 3. Bc4 Nxe4 4. Qh5 Nd6 5. Bb3 Nc6 6. Nb5 g6 7. Qf3 f5 8.
Qd5 Qe7 9. Nxc7+ Kd8 10. Nxa8 b6 11. Ba4 Bb7 12. Nxb6 axb6 13. Qb3 Kc7 14.
Ne2 Bg7 15. a3 Re8 16. Nc3 Qg5 17. Nd5+ Kb8 18. O-O Na5 19. Qxb6 Ndc4 20.
Qc7+ Ka8 21. d3 Bxd5 22. Bxg5 {Black resigns} 1-0